 Dungeon Crawl Stone Soup version 0.28-a0-1396-gdcb3f3653b (webtiles) character file.

Game seed: 4888510136870649026

16 Deminshera the Digger (level 2, 0/20 HPs)
             Began as a Barachi Earth Elementalist on Jan 5, 2022.
             Slain by a bat (1 damage)
             ... on level 1 of the Dungeon.
             The game lasted 00:01:00 (566 turns).

Deminshera the Digger (Barachi Earth Elementalist)   Turns: 566, Time: 00:01:01

Health: 0/20       AC:  2    Str:  9    XL:     2   Next: 54%
Magic:  0/5        EV: 12    Int: 15    God:
Gold:   48         SH:  0    Dex: 12    Spells: 4/5 levels left

rFire   . . .      SeeInvis .   (no weapon)
rCold   . . .      Faith    .   (no shield)
rNeg    . . .      Spirit   .   b - +0 robe
rPois   .          Reflect  .   (no helmet)
rElec   .          Harm     .   (no cloak)
rCorr   .          Rampage  .   (no gloves)
Will    .....                   (no boots)
Stlth   ++........              (no amulet)
HPRegen 0.06/turn               (no ring)
MPRegen 0.09/turn               (no ring)

@: unable to hop, slow
A: amphibious, slowness 1, strong legs 1, +LOS
a: Hop


You were on level 1 of the Dungeon.
You visited 1 branch of the dungeon, and saw 1 of its levels.

You collected 48 gold pieces.

Inventory:

Missiles
 c - 12 stones
Armour
 b - a +0 robe (worn)
Scrolls
 a - 4 scrolls of identify {unknown}
 d - a scroll of enchant weapon {unknown}


   Skills:
 + Level 0.8 Fighting
 + Level 2.4 Dodging
 - Level 2.0 Stealth
 + Level 2.3 Spellcasting
 + Level 1.4 Transmutations
 + Level 3.2 Earth Magic


You had 4 spell levels left.
You knew the following spells:

 Your Spells              Type           Power      Damage    Failure   Level
a - Sandblast             Erth           22%        2d7       6%          1

Your spell library contained the following spells:

 Spells                   Type           Power      Damage    Failure   Level
 Passwall                 Tmut/Erth      6%         N/A       13%         2
 Stone Arrow              Conj/Erth      12%        3d7       32%         3
 Petrify                  Tmut/Erth      8%         N/A       63%         4


Dungeon Overview and Level Annotations

Branches:
Dungeon (1/15)

Altars:


Innate Abilities, Weirdness & Mutations

You are amphibious.
You cover ground slowly.
You can hop short distances.
You have an extended range of vision and can be seen from far away.


Message History

You are too injured to fight recklessly!
You are too injured to fight recklessly!
You are too injured to fight recklessly!
You are too injured to fight recklessly!
You are too injured to fight recklessly!
You are too injured to fight recklessly!
You are too injured to fight recklessly!
You are too injured to fight recklessly!
You are too injured to fight recklessly!
You are too injured to fight recklessly!
You are too injured to fight recklessly!
You are too injured to fight recklessly!
You are too injured to fight recklessly!
The bat hits you but does no damage. The frilled lizard bites you.
The endoplasm barely misses you. The bat closely misses you.
The bat hits you but does no damage.
You see here 11 gold pieces.
You are too injured to fight recklessly!
Unknown command.
Casting: Sandblast (safe; 6% risk of failure)
Confirm with . or Enter, or press ? or * to list all spells.
Aiming: Sandblast (safe; 6% risk of failure)
Press: ? - help, Shift-Dir - straight line, f - endoplasm
Aim: an endoplasm (lightly wounded, 98% to hit)
The blast of sand hits the endoplasm!
You kill the endoplasm!
The bat hits you.
* * * LOW HITPOINT WARNING * * *
The frilled lizard bites you.
* * * LOW HITPOINT WARNING * * *
The bat closely misses you. The bat barely misses you.
The frilled lizard bites you.
* * * LOW HITPOINT WARNING * * *
The bat completely misses you.
Hop to where?
Press: ? - help, Dir - move target Boing!
The bat hits you.
* * * LOW HITPOINT WARNING * * *
You closely miss the bat. The bat hits you.
You die...

................#................
............................#....
..##...##...................#....
.######.....##.#............#....
............##...................
............##.......##..........
............###......##..........
.########'#####......#...........
.............#..@....#...........
...............b..###............
.................................
.............○...........##......
............l#.......... #......
.............#........... #......
............$#........##.
..........†.#.........
..........)........#..


You could see a bat and a frilled lizard.

Vanquished Creatures
  A dart slug (D:1)
  2 endoplasms (D:1)
  A giant cockroach (D:1)
  3 goblins (D:1)
  2 quokkas (D:1)
  2 bats (D:1)
  A kobold (D:1)
  A rat (D:1)
13 creatures vanquished.

Notes
Turn   | Place    | Note
-------+----------+-------------------------------------------
     0 | D:1      | Deminshera the Barachi Earth Elementalist began the quest
                  | for the Orb.
     0 | D:1      | Reached XP level 1. HP: 13/13 MP: 3/3
   355 | D:1      | Reached XP level 2. HP: 18/20 MP: 1/5
   565 | D:1      | HP: 1/20 [bat (1)]
   566 | D:1      | Slain by a bat

Illustrated notes

Levels and vault maps discovered:
D:1:      dpeg_arrival_shrine, layout_basic,
          shapermc_ecumenical_altar_mp_ritualfount

Skill      XL: |  1  2 |
---------------+-------+-----
Stealth        | 2 |  2.0
Fighting       | |  0.8
Dodging        | |  2.4
Spellcasting   | |  2.3
Transmutations | |  1.4
Earth Magic    | |  3.2

Action                   || total
-------------------------++-------
Melee: Unarmed           ||    22
 Cast: Sandblast         ||    18
 Abil: Hop               ||     2
Armor: Robe              ||     8
Dodge: Dodged            ||    33

Table legend: (Time is in decaauts)
 A = Elapsed time spent in this place.
 B = Non-inter-level travel time spent in this place.
 C = Inter-level travel time spent in this place.
 D = Time resting spent in this place.
 E = Time spent auto-exploring this place.
 F = Levels seen in this place.
 G = Mean time per level.
                   A        B        C        D        E       F      G
               +--------+--------+--------+--------+--------+-----+--------+
         Total |    598 |    598 |      0 |     16 |    492 |   1 |  598.0 |
       Dungeon |    598 |    598 |      0 |     16 |    492 |   1 |  598.0 |
               +--------+--------+--------+--------+--------+-----+--------+

Top non-repeatable levels by time:
     D:1: 598 daAuts
